 Dungeon Crawl Stone Soup version 0.18-a0-721-g8fc53f4 (webtiles) character file.

25608 4thArraOfDagon the Bludgeoner (level 13, -14/137 HPs)
             Began as an Ogre Fighter on Dec 8, 2015.
             Was a High Priest of Cheibriados.
             Shot with an arrow by a centaur warrior (25 damage)
             ... on level 14 of the Dungeon.
             The game lasted 00:36:57 (5893 turns).

4thArraOfDagon the Bludgeoner (Ogre Fighter)        Turns: 5893, Time: 00:36:58

Health: -14/137    AC: 13    Str: 36    XL:     13   Next: 20%
Magic:  4/21       EV: 15    Int: 23    God:    Cheibriados [*****.]
Gold:   531        SH:  0    Dex: 21    Spells: 7 memorised, 6 levels left

rFire  . . .     SeeInvis .     L - +7 morningstar (protect)
rCold  + + +     Clarity  +     O - +1 robe {rC+}
rNeg   . . .     SustAt   .     (no shield)
rPois  .         Gourm    +     V - +2 hat {rC+}
rElec  .         Spirit   .     A - +0 cloak
rCorr  .         Dismiss  .     (gloves unavailable)
rMut   .         Stasis   .     (boots unavailable)
MR     +....                    v - amulet of the gourmand
Stlth  ++........               (no ring)
                                u - ring of protection from cold

@: very slightly contaminated, regenerating, very slow, somewhat resistant to
hostile enchantments, unstealthy
A: unfitting armour, hooves 1, molten scales 1, blurry vision 2, clarity, tough
skin 1
a: Bend Time, Temporal Distortion, Slouch, Step From Time, Renounce Religion


You were on level 14 of the Dungeon.
You worshipped Cheibriados.
Cheibriados was extremely pleased with you.
You were not hungry.

You visited 2 branches of the dungeon, and saw 16 of its levels.
You also visited: Bailey and Ice Cave.

You collected 788 gold pieces.
You spent 257 gold pieces at shops.

Inventory:

Hand Weapons
 i - a +0 giant spiked club
 L - a +7 morningstar of protection (weapon)
 Q - a +0 blowgun
Missiles
 o - 33 tomahawks of returning (quivered)
 H - 5 large rocks
 R - 11 poisoned needles
Armour
 c - a +0 shield
 A - a +0 cloak (worn)
 O - a +1 robe of cold resistance (worn)
 V - a +2 hat of cold resistance (worn)
Jewellery
 l - an uncursed ring of teleportation
 u - a ring of protection from cold (left hand)
 v - an amulet of the gourmand (around neck)
 E - an uncursed ring of invisibility
 G - an uncursed ring of ice
Wands
 a - a wand of flame (19)
 g - a wand of digging (6)
 n - a wand of polymorph (5)
 s - a wand of random effects (23)
 t - a wand of fireball (7)
 x - a wand of enslavement (7)
 W - a wand of draining (0)
 Z - a wand of frost (27)
Scrolls
 d - a scroll of teleportation
 k - a scroll of fear
 m - 2 scrolls of enchant weapon
 p - a scroll of enchant armour
 D - a scroll of noise
 T - a scroll of remove curse
Potions
 b - a potion of lignification {unknown}
 h - 2 potions of curing
 q - a potion of might
 z - 2 potions of magic {unknown}
 B - a potion of ambrosia
 C - a potion of invisibility {unknown}
 I - a potion of agility {unknown}
 J - 2 potions of haste
 M - a potion of cure mutation
 Y - 2 potions of brilliance
Books
 f - a book of Party Tricks

   Spells                             Type                      Level
   a - Summon Butterflies             Summoning                    1
   b - Apportation                    Translocation                1
   c - Tukima's Dance                 Hexes                        3
   d - Alistair's Intoxication        Transmutation/Poison         4
   e - Invisibility                   Hexes                        6
 y - a book of Spatial Translocations

   Spells                             Type                      Level
   a - Apportation                    Translocation                1
   b - Blink                          Translocation                2
   c - Shroud of Golubria             Charms/Translocation         2
   d - Portal Projectile              Translocation                3
   e - Teleport Other                 Translocation                3
   f - Passage of Golubria            Translocation                4
 N - a book of Battle

   Spells                             Type                      Level
   a - Infusion                       Charms                       1
   b - Shroud of Golubria             Charms/Translocation         2
   c - Song of Slaying                Charms                       2
   d - Spectral Weapon                Hexes/Charms                 3
   e - Regeneration                   Charms/Necromancy            3
Miscellaneous
 K - a fan of gales (inert)
Comestibles
 e - 5 bread rations
 j - 5 meat rations
 w - a slice of pizza
 P - 2 mutagenic chunks of flesh
 U - a fruit


   Skills:
 + Level 11.6 Fighting
 * Level 15.2 Maces & Flails
 + Level 6.4 Dodging
 - Level 2.6 Shields
 + Level 5.9 Spellcasting
 * Level 4.3 Charms
 * Level 4.4 Necromancy
 * Level 5.7 Translocations
 + Level 7.0 Invocations
 + Level 4.3 Evocations


You had 6 spell levels left.
You knew the following spells:

 Your Spells              Type           Power        Failure   Level  Hunger
a - Blink                 Tloc           N/A          1%          2    None
b - Repel Missiles        Chrm/Air       ###...       6%          2    None
c - Passage of Golubria   Tloc           N/A          10%         4    ###....
d - Apportation           Tloc           ####......   1%          1    None
e - Spectral Weapon       Hex/Chrm       ###.....     12%         3    #......
f - Regeneration          Chrm/Necr      ####......   6%          3    #......
g - Song of Slaying       Chrm           ####....     2%          2    None


Dungeon Overview and Level Annotations

Branches:
Dungeon (15/15)            Temple (1/1) D:7            Lair (0/8) D:8
 Vaults (0/5) D:14
    Orc: D:9-12      Depths: D:15

Altars:
Ashenzari
Cheibriados
Gozag
Okawaru
Pakellas
Ru
Xom
Yredelemnul
The Shining One

Shops:
D:6 %   D:11 [*:[(   D:12 }

Annotations:
D:9 George's ghost, novice GrFi
D:14 Rupert


Innate Abilities, Weirdness & Mutations

You are too large for most types of armour.
You have tough skin (AC +1).
You have large cloven feet.
You are partially covered in molten scales (AC +1).
Scrolls take you longer to read.
You possess an exceptional clarity of mind.


Message History

The tengu warrior pecks you.
* * * LOW HITPOINT WARNING * * *
The tengu warrior claws you but does no damage.
The centaur warrior shoots an arrow.
The arrow completely misses you.
Blink to where?
Press: ? - help, Dir - move target cursor You are very lightly contaminated with residual magic.
As you read the scroll of blinking, it crumbles to dust.
Unknown command.
Unknown command.
Unknown command.
The centaur warrior shoots an arrow.
The arrow hits you but does no damage.
The centaur warrior shoots an arrow.
The arrow misses you.
You see here an arrow.
Unknown command.
Unknown command.
Unknown command.
Rupert shouts!
The centaur warrior shoots an arrow.
The arrow hits you!!
You die...

..#. ########......##..####### ..
......p.c..##............
######.#.#####...#######
#.#.........# #ยง#.#####.#.# .
#########Q#.# ##....# .
#.#.>.....#p#.###.....## ..
###..p...##@#C#(##......(######..
p@.C..##.#....Z.@.........(([....
###### #...#...#..........###...#
###.## ###...#............# #.###
.....#####).[##.##.......## #.#
###..<.......)..###.....## #.#
########...#..# ##...## #.#
##.##..# ##.## #.# #.##..# #.#
#.# #.##..#####.#######.#


You could see Rupert, a hill giant, a centaur warrior and a centaur skeleton.

Vanquished Creatures
  A centaur warrior (D:15)
  Erolcha (D:13)
  Erica (D:9)
  A tengu warrior (D:14)
  A skeletal warrior (D:14)
  An unseen horror (D:15)
  The ghost of 4thArraOfDagon the Cleaver, a novice HOGl of Okawaru (Bailey)
  4 hill giants
  6 ugly things
  2 manticores
  Psyche (D:10)
  3 cyclopes
  2 ice statues (IceCv)
  An efreet (D:14)
  12 ice devils (IceCv)
  A tengu conjurer (D:14)
  2 two-headed ogres
  Grinder (D:6)
  A troll (D:12)
  A deep elf mage (D:15)
  A shadow (D:14)
  3 yaks
  9 humans
  2 wraiths
  2 basilisks
  2 wyverns
  4 hungry ghosts
  6 vampire mosquitoes
  2 wargs (D:8)
  The ghost of 4thArraOfDagon the Firebug, an amateur DEFE (D:4)
  5 orc warriors
  A necrophage (D:7)
  2 sky beasts
  5 ogres
  A black bear (D:8)
  16 ice beasts
  A phantom (D:8)
  5 centaurs (D:13)
  A big kobold (D:11)
  2 crocodiles
  4 giant frogs
  A water moccasin zombie (D:8)
  3 scorpions (D:8)
  The ghost of 4thArraOfDagon the Shield-Bearer, a weakling FoFi (D:6)
  3 killer bees (D:14)
  4 crimson imps
  A giant frog zombie (D:8)
  The ghost of 4thArraOfDagon the Firebug, a weakling DEFE of Vehumet (D:7)
  A giant frog skeleton (D:7)
  2 orc priests
  2 jellies (D:11)
  6 orc wizards
  5 iguanas
  3 centaur zombies
  5 centaur skeletons
  3 hounds
  Ijyb (D:2)
  5 worker ants
  2 killer bee zombies (D:5)
  2 hound zombies
  2 hound skeletons
  A gnoll (Bailey)
  A worker ant zombie (D:5)
  8 adders
  5 white imps (IceCv)
  2 shadow imps (D:5)
  2 oozes
  7 ufetubi (IceCv)
  2 adder skeletons
  An adder zombie (D:8)
  A worm (D:3)
  3 giant geckos
  25 orcs
  A ball python (D:3)
  4 bats
  2 giant cockroaches
  10 goblins
  8 hobgoblins
  15 jackals
  4 quokkas
  A jackal skeleton (D:8)
  25 kobolds
  5 rats
  A plant (D:11)
306 creatures vanquished.

Vanquished Creatures (others)
  Menkaure (D:7)
  A white imp (IceCv)
  4 ufetubi (IceCv)
  An orc (D:7)
7 creatures vanquished.

Grand Total: 313 creatures vanquished

Notes
Turn   | Place    | Note
--------------------------------------------------------------
     0 | D:1      | 4thArraOfDagon the Ogre Fighter began the quest for the Orb.
     0 | D:1      | Reached XP level 1. HP: 24/24 MP: 1/1
    60 | D:2      | Reached XP level 2. HP: 28/32 MP: 2/2
   137 | D:3      | Reached XP level 3. HP: 35/40 MP: 3/3
   209 | D:5      | Entered Level 5 of the Dungeon
   317 | D:4      | Reached XP level 4. HP: 41/49 MP: 4/4
   334 | D:5      | Reached skill level 5 in Maces & Flails
   336 | D:5      | Reached skill level 5 in Fighting
   377 | D:5      | Noticed an ice beast
   394 | D:5      | Gained mutation: You have large cloven feet. [potion of beneficial mutation]
   455 | D:6      | Found Hyqiusy's Food Shoppe.
   455 | D:6      | Noticed a hungry ghost
   488 | D:6      | Noticed an ogre
   489 | D:6      | Noticed 4thArraOfDagon's ghost (weakling FoFi)
   494 | D:6      | Killed a hungry ghost
   494 | D:6      | Reached skill level 6 in Maces & Flails
   494 | D:6      | Reached XP level 5. HP: 30/59 MP: 5/5
   494 | D:6      | Reached XP level 6. HP: 34/67 MP: 6/6
   498 | D:6      | Killed 4thArraOfDagon's ghost
   498 | D:6      | Reached skill level 7 in Maces & Flails
   606 | D:6      | Found a shattered altar of Ashenzari.
   666 | D:6      | Reached skill level 8 in Maces & Flails
   666 | D:6      | Reached XP level 7. HP: 49/76 MP: 7/7
   670 | D:6      | Noticed Grinder
   693 | D:6      | Killed Grinder
   693 | D:6      | Reached skill level 9 in Maces & Flails
   723 | D:6      | Found Keopaont's Assorted Antiques.
  1033 | D:6      | Reached XP level 8. HP: 73/88 MP: 8/8
  1042 | D:6      | Reached skill level 10 in Maces & Flails
  1088 | D:6      | Gained mutation: You possess an exceptional clarity of mind. [potion of beneficial mutation]
  1236 | D:7      | Killed Menkaure
  1281 | D:7      | Reached skill level 11 in Maces & Flails
  1299 | D:7      | Learned a level 2 spell: Blink
  1302 | D:7      | Learned a level 2 spell: Repel Missiles
  1337 | D:7      | Noticed 4thArraOfDagon's ghost (weakling DEFE)
  1391 | D:7      | Found a staircase to the Ecumenical Temple.
  1400 | Temple   | Entered the Ecumenical Temple
  1437 | Temple   | Became a worshipper of Cheibriados the Contemplative
  1504 | D:7      | Killed 4thArraOfDagon's ghost
  1563 | D:8      | Reached skill level 1 in Invocations
  1571 | D:8      | Found an opulent altar of Gozag.
  1597 | D:8      | Reached XP level 9. HP: 42/97 MP: 10/10
  1851 | D:4      | Found a sacrificial altar of Ru.
  1853 | D:4      | Reached * piety under Cheibriados
  1853 | D:4      | Reached skill level 12 in Maces & Flails
  2217 | D:4      | Found an iron altar of Okawaru.
  2225 | D:4      | now...
  2314 | D:3      | Found a shimmering altar of Xom.
  2327 | D:3      | Reached ** piety under Cheibriados
  2573 | D:2      | Noticed Ijyb
  2588 | D:2      | Found a faded altar to an unknown god.
  2597 | D:2      | Killed Ijyb
  2626 | D:2      | Reached *** piety under Cheibriados
  2634 | D:2      | You fall through a shaft for 2 floors!
  2639 | D:4      | Noticed 4thArraOfDagon's ghost (amateur DEFE)
  2645 | D:4      | Killed 4thArraOfDagon's ghost
  2729 | D:7      | Learned a level 4 spell: Passage of Golubria
  2760 | D:8      | Reached skill level 1 in Evocations
  2817 | D:8      | Reached skill level 1 in Translocations
  2851 | D:8      | Reached skill level 1 in Spellcasting
  2864 | D:8      | Reached XP level 10. HP: 58/109 MP: 12/12
  2915 | D:8      | Found a staircase to the Lair.
  2972 | D:8      | Found an opulent altar of Gozag.
  3003 | D:8      | Reached skill level 13 in Maces & Flails
  3009 | D:7      | Found a glowing golden altar of the Shining One.
  3017 | D:7      | now..
  3047 | D:9      | Noticed Erica
  3061 | D:9      | Killed Erica
  3073 | D:9      | Gained mutation: You are robust (+10% HP). [mutagenic meat]
  3074 | D:9      | Gained mutation: You have a pair of small horns on your head. [mutagenic meat]
  3075 | D:9      | Lost mutation: You are robust (+10% HP). [mutagenic meat]
  3076 | D:9      | Lost mutation: You have a pair of small horns on your head. [mutagenic meat]
  3158 | D:8      | Reached skill level 10 in Fighting
  3248 | D:9      | Found a sacrificial altar of Ru.
  3254 | D:9      | Noticed George's ghost (novice GrFi)
  3262 | D:10     | Entered Level 10 of the Dungeon
  3315 | D:10     | Reached **** piety under Cheibriados
  3318 | D:10     | Noticed Psyche
  3325 | D:10     | Killed Psyche
  3438 | D:11     | Found a flagged portal.
  3452 | Bailey   | Entered a bailey
  3457 | Bailey   | Noticed an orc warlord
  3460 | Bailey   | Noticed 4thArraOfDagon's ghost (novice HOGl)
  3469 | Bailey   | Killed 4thArraOfDagon's ghost
  3734 | Bailey   | Found a runed gate.
  3736 | Bailey   | Found a runed gate.
  3737 | Bailey   | Found a runed gate.
  3868 | Bailey   | Reached ***** piety under Cheibriados
  3899 | Bailey   | Learned a level 1 spell: Apportation
  3903 | Bailey   | Learned a level 3 spell: Spectral Weapon
  3907 | Bailey   | Learned a level 3 spell: Regeneration
  3978 | D:11     | Reached skill level 5 in Dodging
  4022 | D:11     | Found Xakhufac's Antique Armour Emporium.
  4029 | D:11     | Bought a crude robe for 193 gold pieces
  4044 | D:11     | Reached skill level 5 in Invocations
  4052 | D:11     | Identified the cursed +0 robe of Defence {Int+2 Dex+2} (You bought it in a shop on level 11 of the Dungeon)
  4066 | D:11     | Noticed a hill giant
  4106 | D:11     | Found Soatuog's Book Shoppe.
  4136 | D:11     | Found Qimety's Assorted Antiques.
  4145 | D:11     | Bought a scroll labeled REDEMASK ETAQE for 32 gold pieces
  4145 | D:11     | Bought a scroll labeled ABACWU JA SINO for 32 gold pieces
  4186 | D:11     | Reached skill level 1 in Necromancy
  4186 | D:11     | Reached XP level 11. HP: 105/119 MP: 15/15
  4205 | D:11     | Found Zosoopt's Armour Shop.
  4274 | D:11     | Killed a hill giant
  4274 | D:11     | Reached skill level 1 in Charms
  4275 | D:11     | Found Fanypp's Weapon Shop.
  4671 | D:12     | Found an oddly glowing altar of Pakellas.
  4671 | D:12     | Found Pakellas's Prime Provisions.
  4799 | D:13     | Noticed a hill giant
  4803 | D:13     | Killed a hill giant
  4820 | D:13     | Identified a scroll of acquirement
  4871 | D:13     | Reached skill level 14 in Maces & Flails
  4874 | D:12     | Noticed a hill giant
  4877 | D:13     | Noticed Erolcha
  4885 | D:13     | Killed Erolcha
  4899 | D:13     | Gained mutation: Scrolls take you a little longer to read. [mutagenic meat]
  4900 | D:13     | Gained mutation: You are partially covered in molten scales (AC +1). [mutagenic meat]
  4901 | D:13     | Gained mutation: Scrolls take you longer to read. [mutagenic meat]
  4955 | D:13     | Found a frozen archway.
  4991 | IceCv    | Entered an ice cave
  5255 | IceCv    | Reached XP level 12. HP: 112/128 MP: 15/18
  5399 | D:13     | Learned a level 2 spell: Song of Slaying
  5415 | D:14     | Found a gate to the Vaults.
  5415 | D:14     | Noticed an anaconda
  5415 | D:14     | Noticed Rupert
  5416 | D:14     | Noticed a great orb of eyes
  5416 | D:14     | an anaconda changed into a great orb of eyes
  5613 | D:14     | Reached skill level 5 in Translocations
  5623 | D:14     | Reached ****** piety under Cheibriados
  5650 | D:15     | Entered Level 15 of the Dungeon
  5662 | D:15     | Reached skill level 5 in Spellcasting
  5663 | D:15     | Noticed a centaur warrior
  5721 | D:14     | Noticed a tengu warrior
  5736 | D:14     | Killed a tengu warrior
  5736 | D:14     | Reached skill level 15 in Maces & Flails
  5738 | D:14     | Reached XP level 13. HP: 51/137 MP: 4/21
  5888 | D:14     | HP: 4/137 [tengu warrior/battleaxe (18)]
  5893 | D:14     | Shot with an arrow by a centaur warrior

Vault maps used:
D:1:      dpeg_arrival_arbitrary_a, dk_noncrumbling_3, st_stairs_14
D:2:      ecumenical_altar_1, uniq_iyjb
D:3:      xom_teletrap_fun
D:4:      okawaru_ov_weapons_minmay, nicolae_ru_awakened_eye, first_bread
D:5:      kennysheep_generic_room_16
D:6:      serial_shops, nicolae_shop_crystal, nicolae_shop_scaring_up_business,
          nicolae_ashenzari_panopticon, uniq_grinder
D:7:      nicolae_overflow_hidden_temple, kennysheep_mini_moat,
          nicolae_overflow_crystal_walls, lemuel_temple_firewalk, uniq_menkaure
D:8:      nicolae_gozag_cash_rules_everything_around_me,
          erik_lair_orcish_takeover, basic_altar
D:9:      lemuel_doored_altar, basic_altar, uniq_erica
D:10:     orc_0_dummy, basic_altar, uniq_urug, uniq_psyche
D:11:     serial_shops, nicolae_shop_overgrown_old_shop, kennysheep_mini, shop,
          nicolae_shop_crystal, nicolae_shop_trees, enter_bailey_3
D:12:     david_nohive_1, johnstein_pakellas_shop
D:13:     portal_ice_cave_entry_ice_beasts, minmay_lizard_king, uniq_erolcha
D:14:     david_vaults_3, minmay_misc_feat_chi
D:15:     grunt_enter_depths_hoard, patterned_corridor
Temple:   dpeg_five_rooms_temple_12
Bailey:   bailey_axe_bossmonster_kennysheep, bailey
IceCv:    ice_cave_small_demon

Action                   |  1- 3 |  4- 6 |  7- 9 | 10-12 | 13-15 || total
-------------------------+-------+-------+-------+-------+-------++-------
Melee: Flail             |    35 |     3 |       |       |       ||    38
       Unarmed           |     8 |    22 |       |       |       ||    30
       Giant club        |       |     8 |   129 |       |       ||   137
       Giant spiked club |       |       |   131 |   189 |       ||   320
       Morningstar       |       |       |       |   245 |    31 ||   276
Throw: Tomahawk          |       |       |       |    18 |       ||    18
 Cast: Regeneration      |       |       |       |    27 |     8 ||    35
Invok: Temporal Distorti |       |       |       |     1 |       ||     1
       Slouch            |       |       |       |     4 |     3 ||     7
 Abil: Evoke Teleportati |       |       |       |     9 |       ||     9
Evoke: Wand              |     2 |     2 |     4 |     7 |       ||    15
       Fan of gales      |       |       |       |     1 |       ||     1
  Use: Potion            |     1 |     2 |     4 |     2 |     1 ||    10
       Scroll            |       |     3 |     8 |    13 |     2 ||    26
 Stab: Sleeping          |       |       |       |     1 |       ||     1
       Distracted        |       |       |       |     1 |       ||     1
  Eat: Chunk             |       |     2 |    12 |    23 |     1 ||    38
       Pizza             |       |       |     1 |       |       ||     1
       Fruit             |       |       |     4 |       |       ||     4
